 Dungeon Crawl Stone Soup version 0.30-a0-568-g124715a40b (webtiles) character file.

Game seed: 11986846906801883060

72571 Newt the Cleaver (level 15, -6/112 (115) HPs)
             Began as a Demonspawn Gladiator on Dec 28, 2022.
             Was the Champion of Okawaru.
             Mangled by a salamander tyrant (15 damage)
             ... on level 1 of the Snake Pit.
             The game lasted 00:24:39 (18337 turns).

Newt the Cleaver (Demonspawn Gladiator)            Turns: 18337, Time: 00:24:39

HP:   -6/112 (115)  AC: 35    Str: 27      XL:     15   Next: 1%
MP:   23/24         EV: 14    Int:  9 (10) God:    Okawaru [******]
Gold: 3119          SH: 10    Dex: 13      Spells: 14/14 levels left

rFire   + . .      SeeInvis .    x - +7 war axe (freeze)
rCold   + + .      Faith    .    y - +3 buckler
rNeg    . . .      Spirit   .    M - +4 crystal plate armour "Doul" {Harm rC+ Will+ Dex-5}
rPois   .          Reflect  .    c - +0 helmet
rElec   .          Harm     +    R - scarf {rC+ rF+}
rCorr   .          Rampage  .    L - +0 pair of gloves {Dex+3}
Will    ++...                    P - +0 pair of boots Stlth
                                 g - amulet of the acrobat
HPRegen 0.38/turn                a - +5 ring of evasion
MPRegen 0.19/turn                e - +6 ring of strength

@: lethally poisoned (-6 -> -11), heroic, weakened, lightly drained
A: thin metallic scales 2, ignite blood 2, spiny 2, demonic touch 2,
deterioration 1
a: Renounce Religion, Heroism, Finesse, Duel


You were on level 1 of the Snake Pit.
You worshipped Okawaru.
Okawaru was exalted by your worship.
You visited 3 branches of the dungeon, and saw 15 of its levels.
You also visited: Ice Cave.

You collected 3119 gold pieces.

Inventory:

Hand Weapons
 x - a +7 war axe of freezing (weapon)
 H - a +4 flail
Missiles
 h - 41 poisoned darts (quivered)
 i - 2 atropa-tipped darts
 z - 11 javelins
 T - 17 silver javelins
 Y - 3 datura-tipped darts
Armour
 b - a +0 leather armour
 c - a +0 helmet (worn)
 d - +1 steam dragon scales
 y - a +3 buckler (worn)
 J - the +0 plate armour of the Equinox {rC+ Will+ MP-9 SInv}
   (Okawaru gifted it to you on level 3 of the Lair of Beasts)

   rC:        It protects you from cold.
   MP:        It affects your magic capacity (-9).
   SInv:      It lets you see invisible.
   Will:      It increases your willpower.
 L - a +0 pair of gloves of dexterity (worn)
 M - the +4 crystal plate armour "Doul" (worn) {Harm rC+ Will+ Dex-5}
   (Okawaru gifted it to you on level 2 of the Lair of Beasts)

   Dex:       It affects your dexterity (-5).
   rC:        It protects you from cold.
   Harm:      It increases damage dealt and taken.
   Will:      It increases your willpower.
 P - a +0 pair of boots (worn)
 R - a scarf of resistance (worn)
Jewellery
 a - a +5 ring of evasion (left hand)
 e - a +6 ring of strength (right hand)
 g - an amulet of the acrobat (around neck)
 l - a ring of protection from cold
 q - a +5 ring of evasion
 s - a +6 ring of intelligence
 V - a ring of positive energy
Wands
 f - a wand of paralysis (17)
 u - a wand of digging (8)
 A - a wand of flame (21)
 C - a wand of mindburst (15)
 U - a wand of roots (4)
 W - a wand of acid (6)
Scrolls
 n - 8 scrolls of teleportation
 t - a scroll of identify
 w - a scroll of silence {unknown}
 K - a scroll of enchant armour
 S - a scroll of amnesia
 X - a scroll of noise {unknown}
Potions
 j - 2 potions of resistance
 k - 5 potions of curing
 m - a potion of mutation
 o - 4 potions of lignification
 p - 2 potions of brilliance
 r - 2 potions of haste
 v - 2 potions of invisibility
 B - 3 potions of magic
 D - 2 potions of berserk rage
 N - a potion of heal wounds
 O - 2 potions of might


   Skills:
 - Level 10.0(15.0) Fighting
 - Level 4.0(9.0) Short Blades
 - Level 12.0(17.0) Axes
 - Level 8.0(13.0) Throwing
 - Level 10.0(15.0) Armour
 - Level 4.0(9.0) Dodging
 - Level 3.0(8.0) Stealth
 - Level 8.0(13.0) Shields
 - Level 12.0 Invocations
 + Level 10.6 Evocations


You had 14 spell levels left.
You didn't know any spells.
Your spell library contained the following spells:

 Spells                   Type           Power      Damage    Failure   Level
 Apportation              Tloc           0%         N/A       100%        1
 Ensorcelled Hibernation  Hex/Ice        0%         N/A       100%        2
 Ozocubu's Armour         Ice            0%         N/A       100%        3
 Spider Form              Tmut/Pois      0%         N/A       100%        3
 Stone Arrow              Conj/Erth      0%         3d7       100%        3
 Anguish                  Hex/Necr       0%         N/A       100%        4
 Leda's Liquefaction      Hex/Erth       0%         N/A       100%        4
 Alistair's Intoxication  Tmut/Pois      0%         N/A       100%        5
 Iron Shot                Conj/Erth      0%         9d1       100%        6
 Statue Form              Tmut/Erth      0%         N/A       100%        6
 Ozocubu's Refrigeration  Ice            0%         4d7       100%        7
 Lehudib's Crystal Spear  Conj/Erth      0%         10d2      100%        8


Dungeon Overview and Level Annotations

Branches:
Dungeon (10/15)            Temple (0/1) D:6            Lair (5/5) D:9
 Shoals (0/4) Lair:3        Snake (1/4) Lair:2        Slime (0/5) Lair:4
    Orc (0/2) D:9           IceCv (visited)

Altars:
Dithmenos
Gozag
Kikubaaqudgha
Makhleb
Nemelex Xobeh
Okawaru
Yredelemnul
Jiyva

Annotations:
Lair:4 1 runed translucent door
Snake:1 Asterion


Innate Abilities, Weirdness & Mutations

You are mostly covered in thin metallic scales. (AC +3)
Your demonic aura often causes spilled blood to erupt in flames.
You are mostly covered in sharp spines.
Your touch may inflict irresistible damage on your foes.
Your body sometimes deteriorates upon taking damage.


Message History

You slash the salamander! You freeze the salamander.
You barely miss the salamander tyrant.
The salamander tyrant gazes fiercely through you!
You feel as though you will be weak longer.
The salamander tyrant hits you but does no damage.
The naga warrior is struck by your spines.
The naga warrior hits you but does no damage.
Asterion is engulfed in blazing flames.
You block Asterion's attack. Asterion closely misses you.
Unknown command.
You hit Asterion. You freeze Asterion.
Asterion is heavily wounded.
You hit the salamander mystic. You freeze the salamander mystic.
You slash the salamander tyrant! You freeze the salamander tyrant!
You hit the naga warrior but do no damage.
Asterion is engulfed in blazing flames.
Asterion is struck by your spines.
Asterion hits you with a +1 broad axe of freezing!
Asterion freezes you. Asterion gores you but does no damage.
The salamander tyrant hits you!
* * * LOW HITPOINT WARNING * * *
You are engulfed in flames!
You resist.
* * * LOW HITPOINT WARNING * * *
The naga warrior spits poison at you.
The splash of poison hits you but does no damage.
You are poisoned.
Unknown command.
You feel much better.
You feel sick.
Asterion is engulfed in blazing flames.
Asterion is struck by your spines. Asterion closely misses you.
You block Asterion's attack.
The salamander mystic is struck by your spines.
The salamander mystic hits you with a +0 dagger.
* * * LOW HITPOINT WARNING * * *
You are engulfed in flames.
You resist.
* * * LOW HITPOINT WARNING * * *
The salamander tyrant gazes fiercely through you!
You feel as though you will be weak longer.
The salamander tyrant hits you!
* * * LOW HITPOINT WARNING * * *
You are engulfed in flames!
You resist.
You die...

# #. ######.
.##....... NS....$..
... #NN...... ..#
##@H...... #.##
##.§N...... #..
##.......... ##..
######...#....... .
#..###.......#########
..#..##..#...###
#...<#..#..###
#..#...##.## #.
#.##...#


You could see Asterion (fast), a naga warrior (catching breath), a salamander
tyrant (strong), a salamander mystic, a salamander (strong) and a black mamba.

Vanquished Creatures
  Kirke (Lair:3)
  Frances (Lair:2)
  A frost giant (IceCv)
  The ghost of Newt the Spear-Bearer, a journeyman DsGl of Lugonu (Lair:2)
  A fire dragon (Lair:5)
  A catoblepas (Lair:5)
  An anaconda (Lair:2)
  2 hydras (Lair:4)
  Erica (Lair:1)
  23 death yaks
  Urug (Lair:5)
  The ghost of benadryl the Grappler, a novice TrFi of Gozag (D:8)
  A lindwurm (Lair:5)
  A mana viper (Snake:1)
  A wolf spider (Lair:5)
  An ugly thing (IceCv)
  An ice statue (IceCv)
  17 elephants
  12 black mambas
  6 torpor snails
  A guardian serpent (Lair:5)
  14 cane toads
  10 komodo dragons
  5 rime drakes (IceCv)
  A troll (D:7)
  8 polar bears
  4 tyrant leeches (Lair:5)
  8 hornets (Lair:5)
  34 blink frogs
  A slime creature (Lair:4)
  A snapping turtle (Lair:3)
  A ynoxinul (D:8)
  41 yaks
  11 wyverns
  5 hogs (Lair:3)
  2 steam dragons
  A human (Lair:3)
  4 basilisks
  2 redbacks (Lair:5)
  34 water moccasins
  2 ice beasts
  6 orc warriors
  A sky beast (D:7)
  4 black bears
  An ogre (D:5)
  21 wolves
  2 centaurs
  2 phantoms (D:5)
  7 bullfrogs
  A kobold brigand (D:8)
  2 necrophages
  A gnoll sergeant (D:6)
  10 wights
  6 killer bees (D:9)
  2 electric eels (Lair:3)
  A howler monkey (D:4)
  3 hounds
  5 jellies
  11 orc priests
  3 iguanas
  16 orc wizards
  4 gnolls
  2 adders
  14 white imps
  An ufetubus (D:5)
  A worm (D:2)
  3 dart slugs
  44 orcs
  8 ball pythons
  19 endoplasms
  3 goblins
  4 hobgoblins
  5 jackals (D:1)
  16 kobolds
  4 quokkas
  2 bats (D:1)
  3 frilled lizards
  4 rats
507 creatures vanquished.

Vanquished Creatures (others)
  3 wights (D:7)
  A hound (D:7)
  An orc priest (D:7)
  31 fungi
  60 plants
96 creatures vanquished.

Grand Total: 603 creatures vanquished

Notes
Turn   | Place    | Note
-------+----------+-------------------------------------------
     0 | D:1      | Newt the Demonspawn Gladiator began the quest for the Orb.
     0 | D:1      | Reached XP level 1. HP: 16/16 MP: 1/1
    70 | D:1      | Reached skill level 1 in Stealth
   163 | D:1      | Gained mutation: You are partially covered in sharp spines.
                  | [demonic ancestry]
   163 | D:1      | Reached XP level 2. HP: 18/22 MP: 2/2
   584 | D:1      | Gained mutation: You are partially covered in thin metallic
                  | scales. (AC +2) [demonic ancestry]
   584 | D:1      | Reached XP level 3. HP: 27/27 MP: 3/3
  1203 | D:2      | You fall into a shaft and drop 2 floors!
  1241 | D:4      | HP: 1/28 [iguana (11)]
  1246 | D:4      | Gained mutation: You are mostly covered in sharp spines.
                  | [demonic ancestry]
  1246 | D:4      | Reached XP level 4. HP: 3/35 MP: 4/4
  1494 | D:4      | Noticed a black bear
  1504 | D:4      | Killed a black bear
  1505 | D:4      | Reached XP level 5. HP: 26/42 MP: 5/5
  1686 | D:4      | Reached skill level 1 in Armour
  1758 | D:4      | Gained mutation: Your demonic aura sometimes causes spilled
                  | blood to erupt in flames. [demonic ancestry]
  1758 | D:4      | Reached XP level 6. HP: 48/48 MP: 6/6
  2219 | D:4      | Found a burning altar of Makhleb.
  2220 | D:4      | Found a sparkling altar of Nemelex Xobeh.
  2220 | D:4      | Found an iron altar of Okawaru.
  2221 | D:4      | Found an ancient bone altar of Kikubaaqudgha.
  2222 | D:4      | Found a shadowy altar of Dithmenos.
  2223 | D:4      | Found a basalt altar of Yredelemnul.
  2230 | D:4      | Became a worshipper of Warmaster Okawaru
  2276 | D:5      | Entered Level 5 of the Dungeon
  2279 | D:5      | Identified a scroll of acquirement
  2279 | D:5      | Acquired 844 gold pieces
  2793 | D:5      | Found an opulent altar of Gozag.
  2995 | D:5      | Reached XP level 7. HP: 52/54 MP: 7/7
  3020 | D:5      | Reached * piety under Okawaru
  3409 | D:6      | Found a staircase to the Ecumenical Temple.
  3747 | D:6      | Noticed a steam dragon
  4069 | D:6      | Killed a steam dragon
  4407 | D:6      | Reached XP level 8. HP: 56/60 MP: 8/8
  4844 | D:6      | Reached ** piety under Okawaru
  5687 | D:6      | Reached skill level 5 in Throwing
  5687 | D:6      | Reached skill level 1 in Shields
  6549 | D:7      | Reached skill level 1 in Axes
  6549 | D:7      | Gained mutation: Your demonic aura often causes spilled
                  | blood to erupt in flames. [demonic ancestry]
  6549 | D:7      | Reached XP level 9. HP: 46/65 MP: 9/9
  6667 | D:7      | Noticed a troll
  6671 | D:7      | Killed a troll
  6671 | D:7      | Reached *** piety under Okawaru
  6943 | D:7      | Reached skill level 5 in Axes
  7443 | D:8      | Found a runed translucent door.
  7443 | D:8      | Noticed benadryl's ghost (novice TrFi)
  7658 | D:8      | Reached **** piety under Okawaru
  8089 | D:8      | Killed benadryl's ghost
  8090 | D:8      | Reached XP level 10. HP: 29/73 MP: 10/10
  8233 | D:8      | Got the Papyrus of Earth
  8267 | D:9      | Noticed an elephant
  8276 | D:9      | Reached ***** piety under Okawaru
  8277 | D:9      | Reached skill level 5 in Fighting
  8280 | D:9      | Killed an elephant
  8284 | D:9      | Found a staircase to the Lair.
  8556 | D:9      | Found a staircase to the Orcish Mines.
  8595 | D:9      | Received a gift from Okawaru
  9367 | Lair:1   | Entered Level 1 of the Lair of Beasts
  9412 | Lair:1   | Noticed a black mamba
  9417 | Lair:1   | Killed a black mamba
  9429 | Lair:1   | Noticed a cane toad
  9439 | Lair:1   | Killed a cane toad
  9440 | Lair:1   | Reached XP level 11. HP: 33/86 MP: 11/11
  9968 | Lair:1   | Noticed Erica
  9980 | Lair:1   | Killed Erica
 10057 | Lair:1   | You fall into a shaft and drop 1 floor!
 10064 | Lair:2   | Reached skill level 5 in Evocations
 10082 | Lair:2   | Reached ****** piety under Okawaru
 10082 | Lair:2   | Identified the +4 crystal plate armour "Doul" {Harm rC+
                  | Will+ Dex-5} (Okawaru gifted it to you on level 2 of the
                  | Lair of Beasts)
 10082 | Lair:2   | Received a gift from Okawaru
 10247 | Lair:2   | Found a runed translucent door.
 10249 | Lair:2   | Noticed Newt's ghost (journeyman DsGl)
 10283 | Lair:2   | Noticed a death yak
 10283 | Lair:2   | Noticed a death yak
 10283 | Lair:2   | Noticed a death yak
 10284 | Lair:2   | Noticed a death yak
 10284 | Lair:2   | Noticed a death yak
 10285 | Lair:2   | Noticed a death yak
 10290 | Lair:2   | Killed a death yak
 10291 | Lair:2   | Killed a death yak
 10292 | Lair:2   | Reached skill level 5 in Armour
 10293 | Lair:2   | Killed a death yak
 10297 | Lair:2   | HP: 4/86 [death yak (14)]
 11560 | D:10     | Entered Level 10 of the Dungeon
 11779 | Lair:2   | Found a staircase to the Snake Pit.
 11957 | Lair:2   | Killed a death yak
 11957 | Lair:2   | Killed a death yak
 11958 | Lair:2   | Gained mutation: Your touch may inflict minor irresistible
                  | damage on your foes. [demonic ancestry]
 11958 | Lair:2   | Reached XP level 12. HP: 53/92 MP: 12/12
 11959 | Lair:2   | Killed a death yak
 12531 | Lair:2   | Received a gift from Okawaru
 12541 | Lair:2   | Killed Newt's ghost
 12735 | Lair:3   | Acquired 800 gold pieces
 12892 | Lair:3   | Noticed Kirke
 12901 | Lair:3   | Killed Kirke
 12901 | Lair:3   | Identified the +0 plate armour of the Equinox {rC+ Will+
                  | MP-9 SInv} (Okawaru gifted it to you on level 3 of the Lair
                  | of Beasts)
 12901 | Lair:3   | Received a gift from Okawaru
 12918 | Lair:3   | Found a frozen archway.
 12938 | IceCv    | Entered an ice cave
 12968 | IceCv    | Noticed a death yak
 12969 | IceCv    | Noticed a death yak
 12973 | IceCv    | Reached skill level 10 in Armour
 12978 | IceCv    | Killed a death yak
 12979 | IceCv    | Killed a death yak
 13201 | IceCv    | Noticed a death yak
 13208 | IceCv    | Killed a death yak
 13563 | IceCv    | Noticed a death yak
 13571 | IceCv    | Killed a death yak
 13572 | IceCv    | Reached skill level 10 in Axes
 13633 | IceCv    | Noticed a death yak
 13639 | IceCv    | Killed a death yak
 13640 | IceCv    | Noticed a death yak
 13645 | IceCv    | Killed a death yak
 13668 | IceCv    | Gained mutation: You are mostly covered in thin metallic
                  | scales. (AC +3) [demonic ancestry]
 13668 | IceCv    | Reached XP level 13. HP: 60/98 MP: 13/13
 13782 | IceCv    | Noticed a frost giant
 13793 | IceCv    | Killed a frost giant
 14406 | Lair:3   | Received a gift from Okawaru
 14604 | Lair:3   | Found a staircase to the Shoals.
 15213 | Lair:4   | Reached skill level 10 in Fighting
 15389 | Lair:4   | Found a runed translucent door.
 15390 | Lair:4   | Found a viscous altar of Jiyva.
 15390 | Lair:4   | Found a staircase to the Slime Pits.
 15445 | Lair:4   | Reached skill level 5 in Invocations
 15718 | Lair:4   | Received a gift from Okawaru
 15973 | Lair:5   | Entered Level 5 of the Lair of Beasts
 15975 | Lair:5   | Noticed Urug
 15982 | Lair:5   | Killed Urug
 16041 | Lair:5   | Received a gift from Okawaru
 16042 | Lair:5   | Gained mutation: Your touch may inflict irresistible damage
                  | on your foes. [demonic ancestry]
 16042 | Lair:5   | Reached XP level 14. HP: 110/110 MP: 21/21
 16049 | Lair:5   | Reached skill level 10 in Invocations
 16220 | Lair:5   | Received a gift from Okawaru
 16411 | Lair:5   | Identified the +3 falchion "Ruhefross" {elec, rN+ Dex+4}
                  | (Okawaru gifted it to you on level 5 of the Lair of Beasts)
 16411 | Lair:5   | Received a gift from Okawaru
 16416 | Lair:5   | Reached skill level 5 in Shields
 16972 | Lair:5   | Received a gift from Okawaru
 17057 | Lair:5   | Received a gift from Okawaru
 17191 | Lair:5   | Received a gift from Okawaru
 17595 | Lair:5   | Found a runed translucent door.
 17753 | Lair:5   | Received a gift from Okawaru
 17931 | Lair:5   | Reached skill level 10 in Evocations
 18184 | Snake:1  | Entered Level 1 of the Snake Pit
 18184 | Snake:1  | Noticed Frances
 18187 | Snake:1  | Received a gift from Okawaru
 18192 | Lair:2   | Gained mutation: Your body sometimes deteriorates upon
                  | taking damage. [a neqoxec]
 18199 | Lair:2   | Killed Frances
 18309 | Snake:1  | Reached XP level 15. HP: 113/115 MP: 24/24
 18325 | Snake:1  | Noticed Asterion
 18337 | Snake:1  | Mangled by a salamander tyrant

Illustrated notes

Levels and vault maps discovered:
D:1:      psy_arrival_statuary, layout_basic, minmay_hexomino_p4
D:2:      layout_basic
D:4:      layout_loops_ring, minitemple
D:5:      layout_basic, pdpol_temple_overflow_zin_treasury_gozag_greed,
          kennysheep_windowed_goal
D:6:      layout_loops_ring, minmay_temple_entry_tees
D:7:      layout_cave_pools, lemuel_flamethrower_2
D:8:      layout_loops_cross, hellmonk_ghost_big_iron
D:9:      layout_loops_ring, david_lair_generic, hiddenorc1_lemuel,
          chequers_serial_rivers_marsh
D:10:     layout_long_grid, lemuel_round_altar
Lair:1:   layout_cave_pods, uniq_erica
Lair:2:   layout_small_grid, minmay_snake_entry_six_corridors,
          ebering_ghost_inner_flame
Lair:3:   layout_gridlike, minmay_shoals_entry_hut, portal_ice_cave_entry_imps,
          lemuel_fruit_tree, uniq_kirke
Lair:4:   lemuel_slime, layout_loops_ring, slime_entry_2, st_stairs_11
Lair:5:   hangedman_lair_tendril_chambers, layout_small_grid, wormcave,
          uniq_urug
Snake:1:  layout_rooms, st_stairs_9, nicolae_shop_gadgets, uniq_frances,
          uniq_asterion, uniq_aizul

Skill      XL: |  1  2  3  4  5  6  7  8  9 10 11 12 13 14 |
---------------+-------------------------------------------+-----
Stealth        | 1 2 3 |  3.0
Fighting       | 3 4 8 10 | 10.0
Dodging        | 3 4 |  4.0
Armour         | 1 4 7 10 | 10.0
Evocations     | 4 8 10 | 10.6
Short Blades   | 4 |  4.0
Throwing       | 2 5 7 8 |  8.0
Shields        | 4 8 |  8.0
Axes           | 1 8 10 12 | 12.0
Invocations    | 9 12 | 12.0

Action                   |  1- 3 |  4- 6 |  7- 9 | 10-12 | 13-15 || total
-------------------------+-------+-------+-------+-------+-------++-------
Melee: Rapier            |    86 |    65 |   182 |       |       ||   333
       Punch             |     1 |       |     3 |       |       ||     4
       War axe           |       |       |    77 |   294 |   395 ||   766
Throw: Throwing net      |     1 |     1 |     5 |       |       ||     7
       Javelin           |       |       |     1 |       |     3 ||     4
       Dart              |       |       |     1 |       |     2 ||     3
Invok: Heroism           |       |       |       |       |     1 ||     1
Evoke: Wand              |       |       |       |       |     4 ||     4
  Use: Scroll            |     2 |     6 |     7 |    10 |     3 ||    28
       Potion            |       |       |     4 |       |     2 ||     6
 Stab: Sleeping          |     2 |     1 |     3 |       |       ||     6
       Held in net/web   |       |       |     1 |       |       ||     1
       Invisible         |       |       |     4 |       |       ||     4
       Petrified         |       |       |       |       |    10 ||    10
       Petrifying        |       |       |       |       |     1 ||     1
Armor: Leather armour    |    28 |    14 |    55 |       |       ||    97
       Steam dragon scal |       |       |     1 |    27 |       ||    28
       Crystal plate arm |       |       |       |    88 |   200 ||   288
Dodge: Dodged            |    50 |    28 |   155 |   147 |   135 ||   515
Block: Buckler           |       |       |    47 |   112 |   137 ||   296

Table legend: (Time is in decaauts)
 A = Elapsed time spent in this place.
 B = Non-inter-level travel time spent in this place.
 C = Inter-level travel time spent in this place.
 D = Time resting spent in this place.
 E = Time spent auto-exploring this place.
 F = Levels seen in this place.
 G = Mean time per level.
                   A        B        C        D        E       F      G
               +--------+--------+--------+--------+--------+-----+--------+
         Total |  18440 |  17956 |    484 |   5520 |   9744 |  16 | 1152.5 |
       Dungeon |   9452 |   9204 |    248 |   3153 |   4757 |   9 | 1050.2 |
          Lair |   7941 |   7706 |    235 |   1988 |   4576 |   5 | 1588.2 |
     Snake Pit |     34 |     34 |      0 |      0 |     13 |   1 |   34.0 |
      Ice Cave |   1012 |   1012 |      0 |    379 |    398 |   1 | 1012.0 |
               +--------+--------+--------+--------+--------+-----+--------+

Top non-repeatable levels by time:
  Lair:5: 2150 daAuts
     D:6: 2050 daAuts
  Lair:1: 1981 daAuts
     D:5: 1789 daAuts
  Lair:2: 1530 daAuts
     D:7: 1300 daAuts
     D:9: 1146 daAuts
  Lair:3: 1139 daAuts
  Lair:4: 1139 daAuts
     D:4: 1075 daAuts
   IceCv: 1012 daAuts
     D:1: 914 daAuts
     D:8: 881 daAuts
     D:2: 293 daAuts
 Snake:1: 34 daAuts
